 Dungeon Crawl Stone Soup version 0.30-a0-219-gf2db51d15e (webtiles) character file.

Game seed: 9305093271115183010

1656 Qew7 the Grappler (level 8, -7/75 HPs)
             Began as a Troll Monk on Oct 6, 2022.
             Was a Priest of Dithmenos.
             Mangled by a sun demon (24 damage)
             ... summoned by a kobold demonologist
             ... on level 7 of the Dungeon.
             The game lasted 00:23:44 (5237 turns).

Qew7 the Grappler (Troll Monk)                      Turns: 5237, Time: 00:23:46

Health: -7/75      AC: 12    Str: 22    XL:     8   Next: 68%
Magic:  7/7        EV: 11    Int:  6    God:    Dithmenos [***...]
Gold:   258        SH:  0    Dex: 12    Spells: 7/7 levels left

rFire   + . .      SeeInvis .      - Unarmed
rCold   . . .      Faith    .    (no shield)
rNeg    + . .      Spirit   .    B - +2 robe {rN+}
rPois   .          Reflect  .    (helmet restricted)
rElec   .          Harm     .    t - +1 cloak
rCorr   .          Rampage  .    (gloves unavailable)
Will    .....                    (boots unavailable)
Stlth   ++........               e - amulet of the acrobat
HPRegen 1.12/turn                k - ring of protection from fire
MPRegen 0.10/turn                j - +4 ring of protection

@: wreathed by umbra
A: large, unfitting armour, claws 3, regeneration 1, shaggy fur 1, tough skin 1
a: Renounce Religion, Shadow Step


You were on level 7 of the Dungeon.
You worshipped Dithmenos.
Dithmenos was most pleased with you.
You visited 1 branch of the dungeon, and saw 7 of its levels.

You collected 357 gold pieces.
You spent 99 gold pieces at shops.

Inventory:

Hand Weapons
 w - a +1 hand axe of freezing
Armour
 a - a +0 robe
 t - a +1 cloak (worn)
 B - a +2 robe of positive energy (worn)
Jewellery
 e - an amulet of the acrobat (around neck)
 h - an amulet of magic regeneration
 j - a +4 ring of protection (right claw)
 k - a ring of protection from fire (left claw)
 q - a ring of protection from cold
 r - an amulet of regeneration
 x - a ring of poison resistance
 y - a ring of wizardry
Wands
 p - a wand of iceblast (7)
Scrolls
 d - 2 scrolls of teleportation
 f - 2 scrolls of immolation {unknown}
 i - 2 scrolls of vulnerability {unknown}
 n - 2 scrolls of magic mapping
 o - a scroll of blinking
 E - a scroll of torment {unknown}
 F - a scroll of fear {unknown}
Potions
 b - a potion of ambrosia
 c - a potion of lignification
 g - a potion of invisibility
 l - a potion of resistance {unknown}
 s - a potion of might {unknown}
 u - a potion of brilliance
 v - 2 potions of attraction {unknown}
 z - a potion of flight {unknown}
 A - 3 potions of curing
 C - a potion of haste {unknown}
 D - a potion of heal wounds


   Skills:
 + Level 3.5 Fighting
 + Level 5.0 Dodging
 + Level 2.2 Stealth
 + Level 9.1 Unarmed Combat


You had 7 spell levels left.
You didn't know any spells.
Your spell library contained the following spells:

 Spells                   Type           Power      Damage    Failure   Level
 Hailstorm                Conj/Ice       0%         3d3       83%         3
 Ice Form                 Ice/Tmut       0%         N/A       99%         4
 Manifold Assault         Tloc           0%         N/A       99%         4
 Dispersal                Tloc           0%         N/A       100%        6
 Simulacrum               Ice/Necr       0%         N/A       100%        6
 Disjunction              Tloc           0%         N/A       100%        8


Dungeon Overview and Level Annotations

Branches:
Dungeon (7/15)
 Temple: D:4-7

Altars:
Dithmenos
Hepliaklqana
Okawaru
Uskayaw

Shops:
D:1 :   D:5 [

Portals:
Abyss: D:4

Annotations:
D:4 2 transporters, dziebel133's ghost, amateur DECj
D:7 Menkaure


Innate Abilities, Weirdness & Mutations

You are too large for most types of armour.
You have claws for hands.
Your natural rate of healing is unusually fast.
You are covered in fur. (AC +1)
You have tough skin. (AC +1)


Message History

Your butterfly disappears in a burst of colours!
The sun demon closely misses you.
You closely miss the sun demon.
The sun demon is lightly wounded.
Something bites your butterfly. Something misses your butterfly.
Something closely misses your butterfly.
The sun demon hits you but does no damage.
The kobold demonologist casts a cantrip, but nothing happens.
Something closely misses your butterfly.
You barely miss the sun demon.
The sun demon is lightly wounded.
Menkaure is no longer moving quickly.
Something barely misses your butterfly.
Something completely misses your butterfly.
Something closely misses your butterfly.
The sun demon barely misses you. Something barely misses your butterfly.
You claw the sun demon!
The sun demon is moderately wounded.
The sun demon hits you but does no damage.
Something closely misses your butterfly.
You scratch the sun demon but do no damage.
The sun demon is moderately wounded.
The sun demon barely misses you.
You claw the sun demon!
The sun demon is heavily wounded.
The sun demon closely misses you.
The quasit misses something.
The quasit claws something.
You scratch the sun demon.
The sun demon is heavily wounded.
The sun demon hits you!!
* * * LOW HITPOINT WARNING * * *
You are engulfed in flames.
You resist.
* * * LOW HITPOINT WARNING * * *
The kobold demonologist casts a spell.
Send 'em back where they came from!
Your butterfly shudders.
Your butterfly disappears in a burst of colours!
Your butterfly shudders. x3
Your butterfly disappears in a burst of colours! x3
The sun demon hits you!!
You die...

#....#'###+##.....####.
#.........>............
#.....bb......########.
#.............# #.
######'######## #. #.#
#+ #b# #.# # # #@# #.
#.#####3# #..#'#...KM#
..........n#
.......bbb.#
...........#
..........##
..[.......# ..........#


You could see a sun demon (summoned, ally target), a kobold demonologist (ally
target), a necrophage and Menkaure (ally target).

Vanquished Creatures
  Duvessa (D:4)
  A black bear (D:5)
  An ice beast (D:5)
  A centaur (D:6)
  A kobold brigand (D:5)
  A necrophage (D:7)
  A bullfrog (D:7)
  A gnoll sergeant (D:5)
  A scorpion (D:5)
  4 wights (D:7)
  Dowan (D:4)
  4 killer bees (D:7)
  2 jellies
  A hound (D:5)
  3 orc priests (D:5)
  A gnoll bouda (D:5)
  Terence (D:2)
  3 iguanas
  An orc wizard (D:5)
  6 gnolls
  7 adders
  An ufetubus (D:4)
  3 worms
  2 dart slugs
  9 orcs
  19 ball pythons
  7 endoplasms
  2 giant cockroaches
  9 goblins
  6 hobgoblins
  5 jackals
  17 kobolds
  5 quokkas
  5 bats
  A frilled lizard (D:2)
  3 rats (D:1)
137 creatures vanquished.

Notes
Turn   | Place    | Note
-------+----------+-------------------------------------------
     0 | D:1      | Qew7 the Troll Monk began the quest for the Orb.
     0 | D:1      | Reached XP level 1. HP: 22/22 MP: 0/0
   120 | D:1      | Reached XP level 2. HP: 29/29 MP: 1/1
   158 | D:1      | Found Kithahint's Book Boutique.
   302 | D:1      | Reached XP level 3. HP: 35/36 MP: 2/2
   727 | D:2      | Noticed Terence
   737 | D:2      | Killed Terence
   738 | D:2      | Reached XP level 4. HP: 35/44 MP: 3/3
  1104 | D:2      | Reached skill level 4 in Unarmed Combat
  1174 | D:2      | Found a faded altar of an unknown god.
  1292 | D:2      | Identified a scroll of acquirement
  1297 | D:2      | Acquired a +4 ring of protection
  1366 | D:2      | You fall into a shaft and drop 1 floor!
  1672 | D:3      | Noticed a shadow
  1673 | D:3      | Found a shadowy altar of Dithmenos.
  1674 | D:3      | Found a hazy altar of Hepliaklqana.
  1693 | D:3      | Became a worshipper of Dithmenos the Shadowed
  1693 | D:3      | Reached * piety under Dithmenos
  1693 | D:3      | Reached ** piety under Dithmenos
  1856 | D:4      | Reached XP level 5. HP: 50/53 MP: 4/4
  2005 | D:4      | Found a one-way gate to the infinite horrors of the Abyss.
  2005 | D:4      | Noticed dziebel133's ghost (amateur DECj)
  2007 | D:4      | Noticed a small abomination
  2057 | D:4      | Noticed Duvessa
  2057 | D:4      | Noticed Dowan
  2173 | D:4      | Killed Dowan
  2187 | D:4      | Killed Duvessa
  2188 | D:4      | Reached skill level 5 in Unarmed Combat
  2188 | D:4      | Reached XP level 6. HP: 27/61 MP: 5/5
  2260 | D:4      | Found a transporter.
  2307 | D:4      | Found a transporter.
  2455 | D:4      | Noticed a +0 dagger
  2455 | D:4      | Noticed a +0 short sword
  2456 | D:4      | Noticed a +0 short sword
  2456 | D:4      | Noticed a +0 spear
  2456 | D:4      | Noticed a +0 falchion
  2456 | D:4      | Noticed a +0 spear
  2456 | D:4      | Noticed a +0 falchion
  2456 | D:4      | Noticed a +0 dagger
  2476 | D:4      | Found a hide-covered altar of Uskayaw.
  3112 | D:5      | Entered Level 5 of the Dungeon
  3143 | D:5      | Reached skill level 6 in Unarmed Combat
  3143 | D:5      | Reached XP level 7. HP: 49/67 MP: 6/6
  3343 | D:5      | Reached *** piety under Dithmenos
  3352 | D:5      | Reached skill level 7 in Unarmed Combat
  3453 | D:5      | Found an iron altar of Okawaru.
  3464 | D:5      | Found Ulligicw's Antique Armour Shop.
  3485 | D:5      | Bought a runed robe for 99 gold pieces
  3622 | D:5      | Reached XP level 8. HP: 64/75 MP: 7/7
  4979 | D:7      | Reached skill level 8 in Unarmed Combat
  5138 | D:7      | Reached skill level 9 in Unarmed Combat
  5205 | D:7      | Noticed Menkaure
  5213 | D:7      | Noticed a kobold demonologist
  5220 | D:7      | Noticed a sun demon
  5226 | D:7      | Reached skill level 5 in Dodging
  5237 | D:7      | Mangled by a sun demon

Illustrated notes

Levels and vault maps discovered:
D:1:      shiori_arrival_maze, layout_basic, serial_shops, shop_statue
D:2:      layout_basic, chequers_ecumenical_altar_simple_redux, uniq_terence
D:3:      layout_rooms, riverfiend_overflow_shadow_ancestor
D:4:      layout_basic, nicolae_uskayaw_en_pointe,
          gammafunk_ghost_abyssal_escape, minmay_parallelograms,
          minmay_snake_closets, uniq_duvessa
D:5:      minmay_skewed_foursquare, layout_basic, lemuel_tele_altar,
          serial_shops, nicolae_shop_stone
D:6:      layout_basic
D:7:      layout_basic, temple_statues, amcnicky_mini_rare_corridor_liquid,
          uniq_menkaure

Skill      XL: |  1  2  3  4  5  6  7  8 |
---------------+-------------------------+-----
Dodging        | 3 4 5 |  5.0
Unarmed Combat | 4 5 6 7 9 |  9.1
Fighting       | 3 |  3.5
Stealth        | 2 |  2.2

Action                   |  1- 3 |  4- 6 |  7- 9 || total
-------------------------+-------+-------+-------++-------
Melee: Unarmed           |    55 |   194 |   130 ||   379
       Punch             |       |     3 |     3 ||     6
  Use: Scroll            |       |    13 |     3 ||    16
       Potion            |       |     3 |     2 ||     5
 Stab: Sleeping          |       |     5 |     1 ||     6
Armor: Robe              |    18 |    67 |    56 ||   141
Dodge: Dodged            |    45 |   156 |   102 ||   303

Table legend: (Time is in decaauts)
 A = Elapsed time spent in this place.
 B = Non-inter-level travel time spent in this place.
 C = Inter-level travel time spent in this place.
 D = Time resting spent in this place.
 E = Time spent auto-exploring this place.
 F = Levels seen in this place.
 G = Mean time per level.
                   A        B        C        D        E       F      G
               +--------+--------+--------+--------+--------+-----+--------+
         Total |   5160 |   4906 |    254 |      0 |   3371 |   7 |  737.1 |
       Dungeon |   5160 |   4906 |    254 |      0 |   3371 |   7 |  737.1 |
               +--------+--------+--------+--------+--------+-----+--------+

Top non-repeatable levels by time:
     D:4: 1245 daAuts
     D:6: 991 daAuts
     D:5: 799 daAuts
     D:1: 700 daAuts
     D:2: 658 daAuts
     D:3: 452 daAuts
     D:7: 313 daAuts
